 Dungeon Crawl Stone Soup version 0.32-a0-516-g94ed278cf8 (webtiles) character file.

Game seed: 9423000020108568807

4824 Essalna the Geomancer (level 10, 0/60 HPs)
             Began as a Gargoyle Earth Elementalist on Feb 27, 2024.
             Slain by a slime creature (11 damage)
             ... on level 9 of the Dungeon.
             The game lasted 00:11:23 (7144 turns).

Essalna the Geomancer (Gargoyle Earth Elementalist) Turns: 7144, Time: 00:11:24

Health: 0/60       AC: 23    Str: 13    XL:     10   Next: 49%
Magic:  6/19       EV: 11    Int: 19    God:
Gold:   318        SH:  5    Dex: 16    Spells: 17/21 levels left

rFire   + . .        f - +1 dagger (venom)
rCold   + . .        C - +0 buckler
rNeg    + . .        b - +2 ring mail of Mophiugat {Regen+ SInv}
rPois   ∞            H - +2 helmet
rElec   +            E - scarf {rC+ rF+}
rCorr   +            s - +2 pair of gloves {Stlth+}
SInv    +            j - +0 pair of boots
Will    .....        o - amulet of magic regeneration
Stlth   ++           w - +6 ring of dexterity
HPRegen 1.10/turn    I - ring of resist corrosion
MPRegen 0.56/turn

%: no passive effects
@: no status effects
A: sickness immunity, AC +7, negative energy resistance 1, electricity
resistance, torment resistance 1, petrification resistance
a: no special abilities


You were on level 9 of the Dungeon.
You visited 2 branches of the dungeon, and saw 10 of its levels.

You collected 318 gold pieces.

Inventory:

Hand Weapons
 f - a +1 dagger of venom (weapon)
Armour
 a - a +0 robe
 b - the +2 ring mail of Mophiugat (worn) {Regen+ SInv}
   (You found it on level 4 of the Dungeon)

   SInv:      It lets you see invisible.
   Regen+:    It increases your rate of health regeneration.
 j - a +0 pair of boots (worn)
 s - a +2 pair of gloves of stealth (worn)
 v - a +0 kite shield
 C - a +0 buckler (worn)
 E - a scarf of resistance (worn)
 H - a +2 helmet (worn)
 K - a +0 pair of gloves of dexterity
Jewellery
 e - a ring of fire
 o - an amulet of magic regeneration (around neck)
 w - a +6 ring of dexterity (left hand)
 G - a +4 ring of slaying
 I - a ring of resist corrosion (right hand)
Wands
 D - a wand of flame (29)
Scrolls
 g - 2 scrolls of teleportation {unknown}
 h - 7 scrolls of identify {unknown}
 i - 3 scrolls of immolation {unknown}
 k - a scroll of acquirement {unknown}
 n - 3 scrolls of enchant armour {unknown}
 p - a scroll of noise {unknown}
 r - a scroll of vulnerability {unknown}
 x - 2 scrolls of enchant weapon {unknown}
 y - 3 scrolls of silence {unknown}
 A - 3 scrolls of blinking {unknown}
 L - a scroll of fear {unknown}
Potions
 c - 3 potions of haste {unknown}
 d - a potion of ambrosia {unknown}
 l - 2 potions of lignification {unknown}
 m - 4 potions of enlightenment {unknown}
 q - 3 potions of invisibility {unknown}
 t - a potion of cancellation {unknown}
 u - a potion of resistance {unknown}
 z - a potion of mutation {unknown}
 B - a potion of curing {unknown}
 F - a potion of berserk rage {unknown}
 J - a potion of might {unknown}


   Skills:
 + Level 6.0 Fighting
 + Level 6.0 Armour
 - Level 4.0 Dodging
 - Level 2.1 Stealth
 + Level 4.7 Shields
 + Level 6.4 Spellcasting
 + Level 7.0 Conjurations
 + Level 8.4 Earth Magic


You had 17 spell levels left.
You knew the following spells:

 Your Spells              Type           Power      Damage    Failure   Level
a - Sandblast             Erth           76%        2d16      1%          1
b - Stone Arrow           Conj/Erth      70%        3d11      3%          3

Your spell library contained the following spells:

 Spells                   Type           Power      Damage    Failure   Level
 Passwall                 Erth           38%        N/A       2%          3
 Brom's Barrelling Bould  Conj/Erth      35%        2d5       12%         4
 Dazzling Flash           Conj/Hex       38%        N/A       21%         3
 Petrify                  Alch/Erth      22%        N/A       45%         4
 Confusing Touch          Hex            6%         N/A       63%         3
 Borgnjor's Revivificati  Necr           3%         N/A       100%        8
 Cigotuvi's Dreadful Rot  Necr/Alch/Air  Unusable   N/A       N/A         2

Dungeon Overview and Level Annotations

Branches:
Dungeon (9/15)             Temple (1/1) D:6
   Lair: D:8-11         Orc: D:9-12

Altars:
Ashenzari
Cheibriados
Dithmenos
Elyvilon
Gozag
Hepliaklqana
Kikubaaqudgha
Makhleb
Nemelex Xobeh
Okawaru
Qazlal
Ru
Sif Muna
Trog
Uskayaw
Wu Jian
Yredelemnul
Zin
The Shining One

Shops:
D:3 (

Annotations:
D:9 1 transporter, Snipperlap's ghost, novice GnWn
Temple 4 transporters


Innate Abilities, Weirdness & Mutations

You are immune to sickness and miasma.
Your stone body is resilient. (AC +7)
You are immune to poison.
You resist negative energy. (rN+)
You are resistant to electric shocks. (rElec)
You are resistant to unholy torment.
You are immune to petrification.


Message History

The large slime creature attacks as it pursues you!
The large slime creature hits you!! The large slime creature hits you!!
* * * LOW HITPOINT WARNING * * *
Okay, then.
Okay, then.
Okay, then.
The large slime creature attacks as it pursues you!
The large slime creature hits you but does no damage.
There is a stone staircase leading down here.
The large slime creature hits you!
* * * LOW HITPOINT WARNING * * *
You climb downwards.
The neqoxec shouts!
Found three items.
Found a transporter.
There is a stone staircase leading up here.
The large slime creature attacks as it pursues you!
The large slime creature barely misses you.
The large slime creature attacks as it pursues you!
You block the large slime creature's attack.
The large slime creature attacks as it pursues you!
You block the large slime creature's attack.
Okay, then.
Casting: Stone Arrow (dangerous; 3% risk of failure)
Confirm with . or Enter, or press ? or * to list all spells.
Aiming: Stone Arrow (dangerous; 3% risk of failure)
Press: ? - help, Shift-Dir - straight line, f - large slime creature
Aim: a large slime creature (severely wounded, 94% to hit)
The stone arrow hits the large slime creature!
The large slime creature is almost dead.
A large slime creature splits.
Casting: Stone Arrow (dangerous; 3% risk of failure)
Confirm with . or Enter, or press ? or * to list all spells.
Aiming: Stone Arrow (dangerous; 3% risk of failure)
Press: ? - help, Shift-Dir - straight line, f/p - slime creature
Aim: a slime creature (almost dead, 94% to hit)
The stone arrow hits the slime creature.
The slime creature is almost dead.
The slime creature hits you!
You die...

# #. . #.
#. #. 3
#.##.
.W#$#..
©.=!#©.
#.3#..##+##
#.<.J@#
#...J.#
#.....#
#.....#
#......#
........#
...#.....#
#..#.....#


You could see 2 slime creatures and a neqoxec.

Vanquished Creatures
  A two-headed ogre (D:5)
  Pikel (D:6)
  A slime creature (D:8)
  A troll (D:6)
  A vampire (D:6)
  A wyvern (D:6)
  A steam dragon (D:7)
  A water moccasin (D:7)
  4 ice beasts
  An orc warrior (D:7)
  2 black bears (D:7)
  An ogre (D:5)
  A lemure (D:6)
  3 centaurs
  4 phantoms
  5 scorpions
  4 wights (D:8)
  3 howler monkeys
  4 bombardier beetles
  Crazy Yiuf (D:6)
  2 jellies
  3 gnoll boudas
  A hound (D:5)
  2 orc priests (D:7)
  2 sleepcaps
  2 iguanas
  2 orc wizards (D:7)
  9 adders
  15 gnolls
  2 shadow imps (D:6)
  A white imp (D:7)
  4 ufetubi
  A dart slug (D:5)
  2 ribbon worms (D:4)
  17 orcs
  6 ball pythons
  6 endoplasms
  3 giant cockroaches
  2 goblins
  5 hobgoblins
  6 jackals
  3 quokkas
  6 bats
  3 frilled lizards
  5 kobolds
  2 rats
153 creatures vanquished.

Vanquished Creatures (others)
  A gnoll (D:7)
1 creature vanquished.

Grand Total: 154 creatures vanquished

Notes
Turn   | Place    | Note
-------+----------+-------------------------------------------
     0 | D:1      | Essalna the Gargoyle Earth Elementalist began the quest for
                  | the Orb.
     0 | D:1      | Reached XP level 1. HP: 10/10 MP: 3/3
   235 | D:1      | Reached XP level 2. HP: 15/15 MP: 3/5
   394 | D:1      | Reached skill level 4 in Earth Magic
   818 | D:1      | Reached XP level 3. HP: 13/19 MP: 3/6
   842 | D:2      | Found a sparkling altar of Nemelex Xobeh.
  1407 | D:2      | You fall into a shaft and drop 2 floors!
  1439 | D:4      | Noticed a phantom
  1445 | D:4      | Noticed a scorpion
  1448 | D:4      | Killed a phantom
  1449 | D:4      | Reached XP level 4. HP: 20/24 MP: 0/8
  1449 | D:4      | Reached XP level 5. HP: 24/28 MP: 0/9
  1456 | D:4      | Reached skill level 5 in Earth Magic
  1502 | D:4      | Identified the +2 ring mail of Mophiugat {Regen+ SInv}
  1602 | D:4      | Reached XP level 6. HP: 17/33 MP: 3/11
  1798 | D:4      | Reached skill level 1 in Fighting
  1798 | D:4      | Reached skill level 1 in Armour
  2070 | D:3      | Learned a level 3 spell: Stone Arrow
  3041 | D:3      | Found Waassof's Antique Weapon Emporium.
  4033 | D:4      | Reached XP level 7. HP: 39/39 MP: 8/12
  4269 | D:4      | Found a glowing silver altar of Zin.
  4431 | D:5      | Entered Level 5 of the Dungeon
  4568 | D:5      | Noticed a two-headed ogre
  4573 | D:5      | Killed a two-headed ogre
  4574 | D:5      | Reached skill level 6 in Earth Magic
  4574 | D:5      | Reached XP level 8. HP: 46/46 MP: 6/15
  4738 | D:5      | Reached skill level 5 in Conjurations
  4801 | D:5      | Reached skill level 1 in Shields
  5127 | D:6      | Reached skill level 5 in Spellcasting
  5255 | D:6      | Noticed a vampire
  5256 | D:6      | Noticed a wyvern
  5258 | D:6      | Reached XP level 9. HP: 52/52 MP: 14/16
  5266 | D:6      | Reached skill level 7 in Earth Magic
  5274 | D:6      | Noticed a troll
  5280 | D:6      | Killed a troll
  5414 | D:6      | Found a broken altar of Ashenzari.
  5417 | D:6      | Found an ancient bone altar of Kikubaaqudgha.
  5487 | D:6      | Found a staircase to the Ecumenical Temple.
  5497 | Temple   | Found a transporter.
  5497 | Temple   | Found a transporter.
  5497 | Temple   | Found a transporter.
  5497 | Temple   | Found a transporter.
  5497 | Temple   | Entered the Ecumenical Temple
  5601 | D:6      | Found a basalt altar of Yredelemnul.
  5601 | D:6      | Found an iron altar of Okawaru.
  5601 | D:6      | Found an ornate altar of the Wu Jian Council.
  5615 | D:6      | Noticed Pikel
  5629 | D:6      | Killed Pikel
  5754 | D:6      | Found a runed translucent door.
  5755 | D:6      | Noticed Crazy Yiuf
  5762 | D:6      | Killed Crazy Yiuf
  5832 | D:6      | Reached skill level 5 in Fighting
  5832 | D:6      | Reached skill level 5 in Armour
  5950 | D:7      | Reached XP level 10. HP: 59/59 MP: 16/18
  6030 | D:7      | Reached skill level 8 in Earth Magic
  6032 | D:7      | Got the Quarto of the Tragic Cemetery
  7139 | D:9      | Noticed Snipperlap's ghost (novice GnWn)
  7139 | D:9      | Found a transporter.
  7144 | D:9      | Slain by a slime creature

Illustrated notes

Levels and vault maps discovered:
D:1:      dpeg_arrival_prison, layout_rooms
D:2:      layout_basic, basic_altar
D:3:      layout_basic, serial_shops, nicolae_shop_peninsula, nrook_uturn,
          kennysheep_nub
D:4:      layout_loops_ring, zin_treasury
D:5:      layout_basic, minmay_misc_feat_plants
D:6:      minmay_clustersquares, layout_loops_cross, grunt_temple_overflow_open,
          gammafunk_temple_overflow_forgotten, minmay_temple_entry_overgrown,
          uniq_pikel, uniq_crazy_yiuf_cottage
D:7:      mumra_celtic_spiral_tile, layout_basic
D:8:      layout_basic, kennysheep_generic_room_7
D:9:      layout_stronghold, nicolae_vehumet_altar_sigil, xom_teletrap_fun,
          minmay_orc_entry_temple_small, gammafunk_ghost_stat_death
Temple:   hellmonk_temple_divided_pantheon

Skill      XL: |  1  2  3  4  5  6  7  8  9 10 |
---------------+-------------------------------+-----
Earth Magic    | 4 5 6 7 8 |  8.4
Conjurations   | 2 3 4 5 6 7 |  7.0
Spellcasting   | 3 4 5 6 |  6.4
Fighting       | 1 3 5 6 |  6.0
Armour         | 1 3 4 5 6 |  6.0
Dodging        | 2 3 4 |  4.0
Shields        | 1 3 4 |  4.7
Stealth        | |  2.1

Action                     |  1- 3 |  4- 6 |  7- 9 | 10-12 || total
---------------------------+-------+-------+-------+-------++-------
  Melee: Unarmed           |    18 |       |       |       ||    18
         Dagger            |    16 |     3 |     1 |       ||    20
   Cast: Sandblast         |    44 |    64 |   133 |    70 ||   311
         Stone Arrow       |       |       |    16 |    16 ||    32
    Use: Potion            |       |     1 |       |       ||     1
 Armour: Robe              |    31 |     7 |       |       ||    38
         Ring mail         |       |    14 |    59 |    37 ||   110
  Dodge: Dodged            |    37 |    20 |    46 |    16 ||   119
         Repelled          |       |     1 |     1 |     1 ||     3
  Block: Buckler           |       |       |    11 |    12 ||    23

Table legend: (Time is in decaauts)
 A = Elapsed time spent in this place.
 B = Non-inter-level travel time spent in this place.
 C = Inter-level travel time spent in this place.
 D = Time resting spent in this place.
 E = Time spent auto-exploring this place.
 F = Levels seen in this place.
 G = Mean time per level.
                   A        B        C        D        E       F      G
               +--------+--------+--------+--------+--------+-----+--------+
         Total |   7297 |   7059 |    238 |      2 |   5971 |  10 |  729.7 |
       Dungeon |   7277 |   7048 |    229 |      2 |   5971 |   9 |  808.6 |
        Temple |     19 |     10 |      9 |      0 |      0 |   1 |   19.0 |
               +--------+--------+--------+--------+--------+-----+--------+

Top non-repeatable levels by time:
     D:2: 1392 daAuts
     D:3: 1284 daAuts
     D:4: 965 daAuts
     D:1: 851 daAuts
     D:7: 811 daAuts
     D:6: 800 daAuts
     D:5: 717 daAuts
     D:8: 449 daAuts
  Temple: 19 daAuts
     D:9: 4 daAuts
